 Dungeon Crawl Stone Soup version 0.14-a0-3109-ga7442b6 (webtiles) character file.

93 4tharraofdagon the Ogre Mage (level 3, -2/36 HPs)
             Began as an Ogre Wizard on Mar 7, 2014.
             Slain by an adder (4 damage)
             ... on Level 5 of the Dungeon.
             The game lasted 00:06:34 (487 turns).

4tharraofdagon the Ogre Mage (Ogre Wizard)           Turns: 487, Time: 00:06:35

HP  -2/36        AC  3     Str 13      XL: 3   Next: 10%
MP   0/8         EV 10     Int 17      God:
Gold 66          SH  0     Dex  8      Spells:  2 memorised,  5 levels left

rFire  . . .     SeeInvis .     j - +0,+2 whip
rCold  . . .     Clarity  .     a - +0 robe
rNeg   + . .     Conserve .     (shield restricted)
rPois  .         rCorr    .     b - +0 hat
rElec  .         rRot     .     (no cloak)
SustAb . .       Spirit   .     (gloves unavailable)
rMut   .         Warding  .     (boots unavailable)
Saprov + . .     Stasis   .     (no amulet)
MR     .....                    (no ring)
                                h - ring of positive energy {unknown}

@: very slightly contaminated, not resistant to hostile enchantments, unstealthy
A: unfitting armour, fast metabolism 1, saprovore 1, tough skin 1
a: no special abilities


You were on level 5 of the Dungeon.
You were not hungry.

You visited 1 branch of the dungeon, and saw 5 of its levels.

You collected 66 gold pieces.

Inventory:

Hand weapons
 j - a +0,+2 whip (weapon)
Armour
 a - a +0 robe (worn)
 b - a +0 hat (worn)
Comestibles
 d - 3 meat rations
Scrolls
 e - a scroll of remove curse {unknown}
Jewellery
 h - a ring of positive energy (left hand) {unknown}
Potions
 g - a potion of degeneration
Books
 c - a book of Minor Magic

   Spells                             Type                      Level
   *Magic Dart                        Conjuration                  1
   Blink                              Translocation                2
   Call Imp                           Summoning                    2
   Repel Missiles                     Charms/Air                   2
   Slow                               Hexes                        2
   *Conjure Flame                     Conjuration/Fire             3
   Mephitic Cloud                     Conjuration/Poison/Air       3


   Skills:
 * Level 2.7 Fighting
 * Level 1.1 Maces & Flails
 - Level 2.0 Dodging
 - Level 1.5 Stealth
 - Level 3.6 Spellcasting
 - Level 0.6 Conjurations
   Level 0.6 Summonings
   Level 0.6 Translocations


You had 5 spell levels left.
You knew the following spells:

 Your Spells              Type           Power        Failure   Level  Hunger
a - Magic Dart            Conj           #...         14%         1    None
b - Conjure Flame         Conj/Fire      #.......     47%         3    ###....


Dungeon Overview and Level Annotations

Branches:
Dungeon (5/16)
 Temple: D:4-7

Altars:
Elyvilon


Innate Abilities, Weirdness & Mutations

You are too large for most types of armour.
You have a fast metabolism.
You can tolerate rotten meat.
You have tough skin (AC +1).


Message History

Drink which item? (? for menu, Esc to quit)
You feel better. The adder bites you.
* * * LOW HITPOINT WARNING * * *
Unknown command.
Casting: Magic Dart
Confirm with . or Enter, or press ? or * to list all spells.
Aiming: Magic Dart
Press: ? - help, Shift-Dir - straight line, f/p - adder
Aim: an adder (severely wounded)
The magic dart hits the adder.
The adder is severely wounded.
The adder misses you. The adder bites you.
* * * LOW HITPOINT WARNING * * *
Unknown command.
Throwing (i - inventory):
i - a throwing net (quivered)
Press: ? - help, Shift-Dir - straight line, f/p - adder
Aim: an adder (severely wounded)
You throw a throwing net. The throwing net misses the adder.
The adder bites you.
You die...

#..........
#...=...### #####
#'#.....# #...#
#.#.#..... #...#
####.(.....#
#...###............
#.......#....#....
#.......#.#S.# ...
#.........#@.#...#
#.......<........#
#...#.#.#.#........
#...#..............
#####.###.#........
#.# #%#..#.... #.#
#.#...... #.#
#.....#. #.#
###.###


You could see an adder.

Vanquished Creatures
  An adder (D:2)
  A worm (D:3)
  4 ball pythons
  A goblin (D:5)
  A quokka (D:3)
  3 bats
  A giant newt (D:3)
  A kobold (D:3)
13 creatures vanquished.

Notes
Turn   | Place    | Note
--------------------------------------------------------------
     0 | D:1      | 4tharraofdagon, the Ogre Wizard, began the quest for the Orb.
     0 | D:1      | Reached XP level 1. HP: 16/16 MP: 4/4
    68 | D:2      | Reached skill level 1 in Fighting
    89 | D:2      | Reached XP level 2. HP: 14/28 MP: 0/6
    90 | D:2      | WHY
   324 | D:3      | Reached skill level 1 in Maces & Flails
   324 | D:3      | Reached XP level 3. HP: 11/36 MP: 0/8
   392 | D:3      | You fall through a shaft!
   392 | D:5      | Entered Level 5 of the Dungeon
   402 | D:5      | Learned a level 3 spell: Conjure Flame
   441 | D:4      | Found a white marble altar of Elyvilon.
   484 | D:5      | HP: 1/36 [adder (2)]
   487 | D:5      | Slain by an adder

Action                   || total
-------------------------++-------
Melee: Whip              ||    10
Throw: Throwing net      ||     1
 Cast: Magic Dart        ||    39
  Use: Scroll            ||     2
       Potion            ||     2
